EL
TULSA DRILLERS @ COLORADO (EL) ROCKIES
08/05/2049
 
TOP OF THE 1ST
Tulsa Drillers batting - Pitching for Colorado (EL) Rockies : LHP Jason Peck
Pitching: LHP Jason Peck
Batting: LHB Nate Kee 0-0: Ball
1-0: Ground out 4-3 (Groundball, 4, EV 98.8 MPH)
Batting: LHB Umar Matoub 0-0: Ball
1-0: Ball
2-0: Ball
3-0: Called Strike
3-1: Foul Ball, location: 2F
3-2: Foul Ball, location: 2F
3-2: Foul Ball, location: 2F
3-2: Fly out, F8 (Line Drive, 8RM, EV 107.5 MPH)
Batting: LHB Cory Bowler 0-0: Ball
1-0: Swinging Strike
1-1: Ball
2-1: Ball
3-1: Foul Ball, location: 2F
3-2: SINGLE (Groundball, 34D, EV 107.5 MPH)
Batting: SHB Ray Luna 0-0: Ball
1-0: Called Strike
1-1: Swinging Strike
1-2: Ball
2-2: Strikes out swinging
Top of the 1st over - 0 runs, 1 hit, 0 errors, 1 left on base; Tulsa 0 - Colorado (EL) 0
BOTTOM OF THE 1ST
Colorado (EL) Rockies batting - Pitching for Tulsa Drillers : RHP Mike Mik
Pitching: RHP Mike Mik
Batting: SHB Jamie Mims 0-0: Called Strike
0-1: Foul Ball, location: 2F
0-2: Foul Ball, location: 2F
0-2: Ball
1-2: Ground out U3 (Groundball, 34, EV 86.2 MPH)
Batting: SHB Bobby Santor 0-0: Ball
1-0: Ground out 6-3 (Groundball, 6MD, EV 86.9 MPH)
Batting: RHB Ryan Rinaldi 0-0: Ball
1-0: Swinging Strike
1-1: Ball
2-1: Ball
3-1: Ground out 1-3 (Groundball, 15S, EV 73.8 MPH)
Bottom of the 1st over - 0 runs, 0 hits, 0 errors, 0 left on base; Tulsa 0 - Colorado (EL) 0
TOP OF THE 2ND
Tulsa Drillers batting - Pitching for Colorado (EL) Rockies : LHP Jason Peck
Batting: LHB Joe Phillips 0-0: Ball
1-0: Ground out U3 (Groundball, 3, EV 91.2 MPH)
Batting: LHB Bobby Gonzalez 0-0: Called Strike
0-1: Foul Ball, location: 2F
0-2: Foul Ball, location: 2F
0-2: Ball
1-2: Ball
2-2: Fly out, F7 (Flyball, 78M, EV 76.9 MPH)
Batting: RHB Jonathan Sotelo 0-0: Foul Ball, location: 2F
0-1: Called Strike
0-2: Strikes out swinging
Top of the 2nd over - 0 runs, 0 hits, 0 errors, 0 left on base; Tulsa 0 - Colorado (EL) 0
BOTTOM OF THE 2ND
Colorado (EL) Rockies batting - Pitching for Tulsa Drillers : RHP Mike Mik
Batting: RHB Maurice Moore 0-0: Called Strike
0-1: Swinging Strike
0-2: Ball
1-2: Ball
2-2: Ball
3-2: Foul Ball, location: 2F
3-2: Strikes out swinging
Batting: LHB Paul McClintock 0-0: Ball
1-0: Ground out 5-3 (Groundball, 5L, EV 88.8 MPH)
Batting: RHB Chris Tatum 0-0: Ball
1-0: Called Strike
1-1: SINGLE (Groundball, 6MD, EV 101.9 MPH)
Batting: LHB Jerry Santana 0-0: Called Strike
0-1: Called Strike
0-2: Foul Ball, location: 2F
0-2: Strikes out swinging
Bottom of the 2nd over - 0 runs, 1 hit, 0 errors, 1 left on base; Tulsa 0 - Colorado (EL) 0
TOP OF THE 3RD
Tulsa Drillers batting - Pitching for Colorado (EL) Rockies : LHP Jason Peck
Batting: RHB Bob Magana 0-0: Ball
1-0: Ball
2-0: Ball
3-0: Base on Balls
Batting: LHB Randy Boone 0-0: Ball
1-0: Ball
2-0: Fielders Choice at 2nd, 4-6 (Groundball, 4, EV 101.9 MPH)
Batting: LHB Nate Kee 0-0: Ball
1-0: Ball
2-0: Ball
3-0: Base on Balls
Randy Boone to second
Batting: LHB Umar Matoub 0-0: Ball
1-0: Fly out, F9 (Flyball, 9, EV 87.5 MPH)
Batting: LHB Cory Bowler 0-0: Called Strike
0-1: Fly out, F8 (Flyball, 8LS, EV 93.1 MPH)
Top of the 3rd over - 0 runs, 0 hits, 0 errors, 2 left on base; Tulsa 0 - Colorado (EL) 0
BOTTOM OF THE 3RD
Colorado (EL) Rockies batting - Pitching for Tulsa Drillers : RHP Mike Mik
Batting: LHB Daniel Green 0-0: Ball
1-0: Ball
2-0: Foul Ball, location: 2F
2-1: Ground out 4-3 (Groundball, 4, EV 91.9 MPH)
Batting: RHB Seisaburo Edagawa 0-0: Foul Ball, location: 2F
0-1: Foul Ball, location: 2F
0-2: Ball
1-2: Fly out, F4 (Popup, 4S, EV 71.2 MPH)
Batting: SHB Jamie Mims 0-0: Called Strike
0-1: Ball
1-1: Foul Ball, location: 2F
1-2: Ball
2-2: Strikes out swinging
Bottom of the 3rd over - 0 runs, 0 hits, 0 errors, 0 left on base; Tulsa 0 - Colorado (EL) 0
TOP OF THE 4TH
Tulsa Drillers batting - Pitching for Colorado (EL) Rockies : LHP Jason Peck
Batting: SHB Ray Luna 0-0: Fly out, F4 (Line Drive, 4, EV 68.1 MPH)
Batting: LHB Joe Phillips 0-0: Ball
1-0: Ball
2-0: Ball
3-0: Called Strike
3-1: Foul Ball, location: 2F
3-2: Base on Balls
Batting: LHB Bobby Gonzalez 0-0: Called Strike
0-1: Ball
1-1: Swinging Strike
1-2: Fly out, F7 (Flyball, 7D, EV 93.8 MPH)
Batting: RHB Jonathan Sotelo 0-0: Ball
1-0: Called Strike
1-1: Ball
2-1: Ground out 1-3 (Groundball, 13S, EV 70.0 MPH)
Top of the 4th over - 0 runs, 0 hits, 0 errors, 1 left on base; Tulsa 0 - Colorado (EL) 0
BOTTOM OF THE 4TH
Colorado (EL) Rockies batting - Pitching for Tulsa Drillers : RHP Mike Mik
Batting: SHB Bobby Santor 0-0: Called Strike
0-1: Reached on error, E4 (Groundball, 4, EV 79.4 MPH)
Batting: RHB Ryan Rinaldi 0-0: Swinging Strike
0-1: Swinging Strike
0-2: Ball
1-2: Strikes out swinging
Batting: RHB Maurice Moore 0-0: Fielders Choice at 2nd, 6-4 (Groundball, 6, EV 82.5 MPH)
Batting: LHB Paul McClintock 0-0: Called Strike
0-1: Swinging Strike
0-2: Ball
1-2: Ball
2-2: Ball
3-2: SINGLE (Groundball, 6M, EV 109.4 MPH)
Maurice Moore to second
Maurice Moore to third
Batting: RHB Chris Tatum 0-0: SINGLE (Groundball, 56D, EV 100.0 MPH)
Maurice Moore scores
Paul McClintock to second
Batting: LHB Jerry Santana 0-0: Called Strike
0-1: SINGLE (Flyball, 78S, EV 91.9 MPH)
Paul McClintock to third
Chris Tatum to second
Runner from 3rd tries for Home, SAFE, throw by LF to home
Chris Tatum to third
Jerry Santana to second
Batting: LHB Daniel Green 0-0: Called Strike
0-1: Fly out, F8 (Line Drive, 8RM, EV 106.2 MPH)
Bottom of the 4th over - 2 runs, 3 hits, 1 error, 2 left on base; Tulsa 0 - Colorado (EL) 2
TOP OF THE 5TH
Tulsa Drillers batting - Pitching for Colorado (EL) Rockies : LHP Jason Peck
Batting: RHB Bob Magana 0-0: Reached on error, E5 (Groundball, 56S, EV 86.9 MPH)
Batting: LHB Randy Boone 0-0: Ball
1-0: Ball
2-0: Called Strike
2-1: DOUBLE (Flyball, 78XD, EV 97.5 MPH)
Bob Magana scores
Batting: LHB Nate Kee 0-0: Called Strike
0-1: Swinging Strike
0-2: Ball
1-2: Ball
2-2: Ball
3-2: Fly out, F8 (Flyball, 78D, EV 89.4 MPH)
Batting: LHB Umar Matoub 0-0: Ball
1-0: Ball
2-0: Ball
3-0: Called Strike
3-1: Foul Ball, location: 2F
3-2: Strikes out swinging
Pitching: LHP Jared Lummus
Batting: LHB Cory Bowler 0-0: Called Strike
0-1: Foul Ball, location: 2F
0-2: Ground out 6-3 (Groundball, 6, EV 85.0 MPH)
Top of the 5th over - 1 run, 1 hit, 1 error, 1 left on base; Tulsa 1 - Colorado (EL) 2
BOTTOM OF THE 5TH
Colorado (EL) Rockies batting - Pitching for Tulsa Drillers : RHP Mike Mik
Batting: RHB Seisaburo Edagawa 0-0: Reached on error, E6 (Groundball, 56, EV 88.8 MPH)
Batting: SHB Jamie Mims 0-0: Called Strike
Seisaburo Edagawa is caught stealing 2nd base 2-6
0-1: Ball
1-1: Ground out 1-3 (Groundball, 25, EV 66.9 MPH)
Batting: SHB Bobby Santor 0-0: DOUBLE (Flyball, 8LXD, EV 105.0 MPH)
Batting: RHB Ryan Rinaldi 0-0: Ball
1-0: Called Strike
1-1: Ball
2-1: Ball
3-1: Called Strike
3-2: Ground out 1-3 (Groundball, 25, EV 73.1 MPH)
Bottom of the 5th over - 0 runs, 1 hit, 1 error, 1 left on base; Tulsa 1 - Colorado (EL) 2
TOP OF THE 6TH
Tulsa Drillers batting - Pitching for Colorado (EL) Rockies : LHP Jared Lummus
Batting: SHB Ray Luna 0-0: Ground out 5-3 (Groundball, 56, EV 100.6 MPH)
Batting: LHB Joe Phillips 0-0: Swinging Strike
0-1: Swinging Strike
0-2: Strikes out swinging
Batting: LHB Bobby Gonzalez 0-0: Called Strike
0-1: Ball
1-1: Foul Ball, location: 2F
1-2: Foul Ball, location: 2F
1-2: Strikes out swinging
Top of the 6th over - 0 runs, 0 hits, 0 errors, 0 left on base; Tulsa 1 - Colorado (EL) 2
BOTTOM OF THE 6TH
Colorado (EL) Rockies batting - Pitching for Tulsa Drillers : RHP Mike Mik
Batting: RHB Maurice Moore 0-0: Ball
1-0: Fly out, F8 (Line Drive, 8LM, EV 94.4 MPH)
Batting: LHB Paul McClintock 0-0: Ball
1-0: Foul Ball, location: 2F
1-1: Called Strike
1-2: Foul Ball, location: 2F
1-2: Foul Ball, location: 2F
1-2: Foul Ball, location: 2F
1-2: Ball
2-2: Foul Ball, location: 2F
2-2: DOUBLE (Line Drive, 78D, EV 104.4 MPH)
Batting: RHB Chris Tatum 0-0: Ball
1-0: Ball
2-0: Ball
3-0: Base on Balls
Batting: LHB Jerry Santana 0-0: Ball
1-0: Fly out, F9 (Flyball, 9S, EV 83.8 MPH)
Batting: LHB Daniel Green 0-0: Called Strike
0-1: SINGLE (Flyball, 8RS, EV 91.2 MPH)
Paul McClintock to third
Chris Tatum to second
Runner from 3rd tries for Home, throw by CF and OUT! 8-2
Bottom of the 6th over - 0 runs, 2 hits, 0 errors, 2 left on base; Tulsa 1 - Colorado (EL) 2
TOP OF THE 7TH
Tulsa Drillers batting - Pitching for Colorado (EL) Rockies : LHP Jared Lummus
Pitching: RHP Michael Conrad
Batting: RHB Jonathan Sotelo 0-0: Ball
1-0: Fly out, F7 (Flyball, 78S, EV 95.0 MPH)
Batting: RHB Bob Magana 0-0: Foul Ball, location: 2F
0-1: Ground out 6-3 (Groundball, 6, EV 77.5 MPH)
Batting: LHB Randy Boone 0-0: Foul Ball, location: 2F
0-1: Ground out 5-3 (Groundball, 56, EV 101.2 MPH)
Top of the 7th over - 0 runs, 0 hits, 0 errors, 0 left on base; Tulsa 1 - Colorado (EL) 2
BOTTOM OF THE 7TH
Colorado (EL) Rockies batting - Pitching for Tulsa Drillers : RHP Mike Mik
Pitching: RHP Shane Walker
Batting: RHB Seisaburo Edagawa 0-0: Called Strike
0-1: SINGLE (Line Drive, 8RS, EV 97.5 MPH)
Batting: SHB Jamie Mims Pickoff Throw to First - Error! E1
Seisaburo Edagawa to second
0-0: Swinging Strike
0-1: Foul Ball, location: 2F
0-2: Ball
1-2: SINGLE (Groundball, 56, EV 96.9 MPH) (infield hit)
Seisaburo Edagawa to third
Batting: SHB Bobby Santor 0-0: Called Strike
0-1: DOUBLE (Line Drive, 8RD, EV 98.1 MPH)
Seisaburo Edagawa scores
Jamie Mims to third
Batting: RHB Ryan Rinaldi 0-0: Ball
1-0: Called Strike
1-1: Ball
2-1: Foul Ball, location: 2F
2-2: Foul Ball, location: 2F
2-2: Foul Ball, location: 2F
2-2: Ball
3-2: SINGLE (Line Drive, 8RS, EV 92.5 MPH)
Jamie Mims scores
Bobby Santor to third
Batting: RHB Maurice Moore 0-0: Called Strike
0-1: Ball
1-1: Called Strike
1-2: Strikes out looking
Batting: LHB Paul McClintock 0-0: Reached on error, E5 (Groundball, 56S, EV 70.6 MPH)
Bobby Santor scores
Ryan Rinaldi to second
Pitching: RHP Andy Rodriguez
Batting: RHB Chris Tatum 0-0: Ball
1-0: Ball
2-0: SINGLE (Groundball, 6MD, EV 106.2 MPH)
Ryan Rinaldi to third
Paul McClintock to second
Batting: LHB Jerry Santana 0-0: Foul Ball, location: 2F
0-1: Called Strike
0-2: Strikes out looking
Batting: LHB Daniel Green 0-0: Foul Ball, location: 2F
0-1: Called Strike
0-2: Foul Ball, location: 2F
0-2: Ball
1-2: Ball
2-2: Ground out 1-3 (Groundball, 15S, EV 63.1 MPH)
Bottom of the 7th over - 3 runs, 5 hits, 2 errors, 3 left on base; Tulsa 1 - Colorado (EL) 5
TOP OF THE 8TH
Tulsa Drillers batting - Pitching for Colorado (EL) Rockies : RHP Michael Conrad
Pitching: LHP Domenic Wells
Batting: LHB Nate Kee 0-0: Ball
1-0: Foul Ball, location: 2F
1-1: Ball
2-1: Called Strike
2-2: Strikes out swinging
Batting: LHB Umar Matoub 0-0: Foul Ball, location: 2F
0-1: Foul Ball, location: 2F
0-2: Ball
1-2: Ball
2-2: Ball
3-2: Foul Ball, location: 2F
3-2: Ground out U3 (Groundball, 3, EV 91.9 MPH)
Batting: LHB Cory Bowler 0-0: Ball
1-0: Foul Ball, location: 2F
1-1: Called Strike
1-2: Ball
2-2: Foul Ball, location: 2F
2-2: Foul Ball, location: 2F
2-2: Hit by Pitch
Batting: SHB Ray Luna 0-0: Ball
1-0: Fly out, F6 (Line Drive, 6, EV 70.0 MPH)
Top of the 8th over - 0 runs, 0 hits, 0 errors, 1 left on base; Tulsa 1 - Colorado (EL) 5
BOTTOM OF THE 8TH
Colorado (EL) Rockies batting - Pitching for Tulsa Drillers : RHP Andy Rodriguez
Batting: RHB Seisaburo Edagawa 0-0: Called Strike
0-1: Foul Ball, location: 2F
0-2: Ball
1-2: Foul Ball, location: 2F
1-2: Foul Ball, location: 2F
1-2: Ball
2-2: Strikes out swinging
Batting: SHB Jamie Mims 0-0: Called Strike
0-1: SINGLE (Groundball, 34S, EV 72.5 MPH) (infield hit)
Batting: SHB Bobby Santor 0-0: Called Strike
Jamie Mims is caught stealing 2nd base 2-6
0-1: Ball
1-1: Ball
2-1: SINGLE (Groundball, 25, EV 72.5 MPH) (infield hit)
Batting: RHB Ryan Rinaldi 0-0: Called Strike
0-1: Called Strike
0-2: Ground out 1-3 (Groundball, 13, EV 62.5 MPH)
Bottom of the 8th over - 0 runs, 2 hits, 0 errors, 1 left on base; Tulsa 1 - Colorado (EL) 5
TOP OF THE 9TH
Tulsa Drillers batting - Pitching for Colorado (EL) Rockies : LHP Domenic Wells
Pitching: RHP Bobby Servin
Batting: LHB Joe Phillips 0-0: Ball
1-0: Ball
2-0: Ball
3-0: Called Strike
3-1: Base on Balls
Batting: LHB Bobby Gonzalez 0-0: Ball
1-0: Foul Ball, location: 2F
1-1: Foul Ball, location: 2F
1-2: Foul Ball, location: 2F
1-2: Ball
2-2: Fielders Choice at 2nd, 4-6 (Groundball, 4, EV 84.4 MPH)
Batting: RHB Jonathan Sotelo 0-0: Fly out, F9 (Line Drive, 9, EV 95.6 MPH)
Batting: RHB Bob Magana 0-0: Called Strike
0-1: Foul Ball, location: 2F
0-2: Strikes out looking
Top of the 9th over - 0 runs, 0 hits, 0 errors, 1 left on base; Tulsa 1 - Colorado (EL) 5
Sunday, July 16th , 2023 - OOTP Baseball 24.6 Build 69